 Dungeon Crawl Stone Soup version 0.32-a0-904-gd9e1bd7 (webtiles) character file.

Game seed: 1527271782922456382

18353 insane60 the Skirmisher (level 12, -6/92 HPs)
             Began as a Coglin Hunter on Apr 5, 2024.
             Was a High Priest of Okawaru.
             Mangled by a culicivora (10 damage)
             ... on level 3 of the Lair of Beasts.
             The game lasted 00:34:13 (13548 turns).

insane60 the Skirmisher (Coglin Hunter)            Turns: 13548, Time: 00:34:13

Health: -6/92      AC: 13    Str: 11    XL:     12   Next: 57%
Magic:  17/18      EV: 20    Int:  9    God:    Okawaru [*****.]
Gold:   1039       SH:  0    Dex: 23    Spells: 11/11 levels left

rFire   . . .        a - +2 sling {Suthep}
rCold   . . .        d - +0 sling {Malena}
rNeg    . . .        c - +0 leather armour
rPois   .            D - +2 helmet
rElec   .            v - +0 cloak
rCorr   .            t - +1 pair of gloves
SInv    .            L - +1 pair of boots {rampage}
Will    .....        (amulet unavailable)
Stlth   +++          (ring unavailable)
HPRegen 0.35/turn    (ring unavailable)
MPRegen 0.16/turn    (no gizmo)

%: rampage
@: heroic, revved
A: off-hand wielding, slow wielding, warmup strikes, no jewellery
a: Invent Gizmo, Renounce Religion, Heroism, Finesse, Duel


You were on level 3 of the Lair of Beasts.
You worshipped Okawaru.
Okawaru was extremely pleased with you.
You visited 3 branches of the dungeon, and saw 13 of its levels.
You also visited: Ossuary.

You collected 1039 gold pieces.

Inventory:

Hand Weapons
 a - a +2 sling (weapon) {Suthep}
 d - a +0 sling (offhand) {Malena}
Missiles
 K - a curare-tipped dart
Armour
 c - a +0 leather armour (worn)
 t - a +1 pair of gloves (worn)
 v - a +0 cloak (worn)
 D - a +2 helmet (worn)
 L - a +1 pair of boots of rampaging (worn)
Wands
 k - a wand of flame (66)
 A - a wand of polymorph (10)
 C - a wand of paralysis (10)
Scrolls
 b - a scroll of butterflies
 f - 8 scrolls of teleportation
 g - 3 scrolls of vulnerability
 h - 2 scrolls of amnesia
 i - 3 scrolls of poison
 j - 4 scrolls of enchant armour
 p - 2 scrolls of enchant weapon
 r - 3 scrolls of fear
 s - 4 scrolls of revelation
 x - a scroll of immolation {unknown}
 y - 5 scrolls of fog {unknown}
 B - 2 scrolls of blinking {unknown}
 J - 4 scrolls of identify
 M - 2 scrolls of silence {unknown}
 N - a scroll of noise {unknown}
Potions
 e - 2 potions of enlightenment {unknown}
 l - 3 potions of curing {unknown}
 m - 3 potions of mutation {unknown}
 n - 2 potions of ambrosia {unknown}
 o - 3 potions of magic {unknown}
 q - 6 potions of degeneration {unknown}
 u - 6 potions of heal wounds {unknown}
 w - a potion of invisibility {unknown}
 z - 3 potions of lignification {unknown}
 E - 2 potions of might {unknown}
 F - 3 potions of attraction {unknown}
 G - a potion of brilliance {unknown}
 H - 2 potions of cancellation {unknown}
 I - 2 potions of resistance {unknown}


   Skills:
 + Level 8.0(13.0) Fighting
 * Level 12.4(17.4) Ranged Weapons
 - Level 3.0(8.0) Armour
 + Level 7.2(12.2) Dodging
 - Level 1.1(6.1) Stealth
 * Level 8.0 Invocations
 + Level 6.8 Evocations


You had 11 spell levels left.
You didn't know any spells.
Your spell library contained the following spells:

 Spells                   Type           Power      Damage    Failure   Level
 Magic Dart               Conj           0%         1d3       45%         1
 Shock                    Conj/Air       0%         1d3       45%         1
 Ensorcelled Hibernation  Hex/Ice        0%         N/A       61%         2
 Searing Ray              Conj           0%         2d4       61%         2
 Fugue of the Fallen      Necr           0%         N/A       83%         3
 Sigil of Binding         Hex            0%         N/A       83%         3
 Stone Arrow              Conj/Erth      0%         3d7       83%         3
 Anguish                  Hex/Necr       0%         N/A       99%         4
 Brom's Barrelling Bould  Conj/Erth      0%         2d3       99%         4
 Dimensional Bullseye     Hex/Tloc       0%         N/A       99%         4
 Fulminant Prism          Conj/Alch      0%         3d5       99%         4
 Plasma Beam              Fire/Air       0%         2x1d10    100%        6
 Call Canine Familiar     Summ           Unusable   N/A       N/A         3

Dungeon Overview and Level Annotations

Branches:
Dungeon (9/15)             Temple (1/1) D:5            Lair (3/5) D:8
  Swamp (0/4) Lair:2      Ossuary (visited)
  Snake: Lair:2-3    Spider: Lair:2-3       Orc: D:9-12

Altars:
Ashenzari
Cheibriados
Dithmenos
Elyvilon
Fedhas
Gozag
Hepliaklqana
Kikubaaqudgha
Makhleb
Nemelex Xobeh
Okawaru
Qazlal
Ru
Sif Muna
Trog
Vehumet
Wu Jian
Xom
Yredelemnul
Zin
The Shining One

Shops:
D:2 (   D:4 (   D:7 *   D:8 =

Annotations:
Temple 2 transporters
Lair:1 exclusion: oklob plant


Innate Abilities, Weirdness & Mutations

You can wield a second weapon in your off-hand.
It takes a long time for you to wield or remove held weapons.
Your first few attacks do less damage.
You cannot equip rings or amulets.


Message History

The culicivora is almost dead.
You shoot a sling bullet. The sling bullet hits the culicivora!
You kill the culicivora!
Okawaru accepts your kill.
The culicivora bites you but does no damage.
You shoot a sling bullet.
The sling bullet closely misses the culicivora.
You shoot a sling bullet. The sling bullet hits the culicivora.
The culicivora is lightly wounded.
The culicivora completely misses you.
You shoot a sling bullet.
The sling bullet closely misses the culicivora.
You shoot a sling bullet. The sling bullet hits the culicivora.
The culicivora is lightly wounded.
The culicivora barely misses you.
You shoot a sling bullet.
The sling bullet barely misses the culicivora.
You shoot a sling bullet. The sling bullet hits the culicivora.
The culicivora is moderately wounded.
The culicivora completely misses you.
You shoot a sling bullet.
The sling bullet hits the culicivora but does no damage.
The culicivora is moderately wounded.
You shoot a sling bullet.
The sling bullet closely misses the culicivora.
The culicivora closely misses you.
You shoot a sling bullet. The sling bullet hits the culicivora.
The culicivora is heavily wounded.
You shoot a sling bullet. The sling bullet hits the culicivora!
The culicivora is severely wounded.
The culicivora bites you but does no damage.
You shoot a sling bullet.
The sling bullet barely misses the culicivora.
You shoot a sling bullet.
The sling bullet barely misses the culicivora.
The culicivora bites you!
* * * LOW HITPOINT WARNING * * *
The culicivora draws strength from your injuries!
The culicivora bites you!
You die...

#.#
########.######
###P.#.#........#
#..............?#
##.####......>...
##.# ##.......)#
##..# #.........
#..## #.#.P.#..##
#@.# #######..##
#s†.# #.....#
#.#..# ####....
..##### ##P##...#
#.# #........ ...
#..<..... ...
#........ #.
#........
..........


You could see a culicivora.

Vanquished Creatures
  A two-headed ogre (D:6)
  A boulder beetle (Lair:2)
  A goliath frog (Lair:2)
  Pikel (D:6)
  A rime drake (Lair:1)
  10 cane toads
  2 komodo dragons (Lair:1)
  Psyche (D:8)
  A hornet (D:9)
  8 blink frogs (Lair:2)
  A culicivora (Lair:3)
  Sigmund (D:6)
  5 wyverns
  21 yaks
  A shadow (D:9)
  2 basilisks
  13 water moccasins
  A swamp drake (Lair:2)
  2 black bears
  An orc warrior (D:8)
  3 ice beasts (D:6)
  A sky beast (D:8)
  2 ogres (D:6)
  2 centaurs
  4 wolves
  A phantom (D:5)
  2 kobold brigands (D:9)
  A lemure (D:6)
  Blork the orc (D:6)
  A weeping skull (D:7)
  10 bullfrogs
  5 scorpions
  8 wights
  6 killer bees (D:7)
  4 electric eels
  4 howler monkeys
  6 hounds
  3 orc priests
  2 bombardier beetles
  2 gnoll boudas
  8 jellies
  A sleepcap (D:6)
  2 iguanas (D:5)
  8 mummies (Ossuary)
  11 gnolls
  13 adders
  4 white imps
  A ribbon worm (D:4)
  2 dart slugs (D:2)
  13 orcs
  7 bats
  16 endoplasms
  8 giant cockroaches
  10 goblins
  9 hobgoblins
  A jackal (D:4)
  3 quokkas
  11 ball pythons
  4 frilled lizards
  2 gnoll zombies (Ossuary)
  3 hobgoblin zombies (Ossuary)
  16 kobolds
  A kobold zombie (Ossuary)
  2 orc zombies (Ossuary)
  3 rats
  A spectral orc (D:7)
303 creatures vanquished.

Notes
Turn   | Place    | Note
-------+----------+-------------------------------------------
     0 | D:1      | insane60 the Coglin Hunter began the quest for the Orb.
     0 | D:1      | Reached XP level 1. HP: 16/16 MP: 1/1
    55 | D:1      | Reached skill level 1 in Stealth
   120 | D:1      | Reached XP level 2. HP: 22/22 MP: 2/2
   197 | D:1      | Reached skill level 4 in Ranged Weapons
   440 | D:1      | Reached XP level 3. HP: 27/27 MP: 3/3
   559 | D:2      | HP: 1/27 [gnoll/+0 halberd (6)]
   795 | D:2      | Reached XP level 4. HP: 33/33 MP: 4/4
   850 | D:2      | Reached skill level 5 in Ranged Weapons
   932 | D:2      | Reached XP level 5. HP: 38/38 MP: 5/5
   938 | D:2      | Found Kaus's Weapon Shop.
  1398 | D:3      | Found a burning altar of Makhleb.
  1763 | D:4      | Reached skill level 6 in Ranged Weapons
  1778 | D:4      | Found Vopnat's Weapon Boutique.
  1845 | D:4      | Got the Directory of Petrous Vapour
  1963 | D:4      | Noticed a black bear
  1969 | D:4      | Killed a black bear
  1970 | D:4      | Reached XP level 6. HP: 44/44 MP: 6/6
  2198 | D:4      | Found a glowing silver altar of Zin.
  2452 | D:5      | Entered Level 5 of the Dungeon
  2470 | D:5      | Reached skill level 7 in Ranged Weapons
  2484 | D:5      | Reached XP level 7. HP: 50/50 MP: 7/7
  2777 | D:5      | Found a staircase to the Ecumenical Temple.
  2785 | Temple   | Found a transporter.
  2785 | Temple   | Found a transporter.
  2785 | Temple   | Found a transporter.
  2785 | Temple   | Found a transporter.
  2785 | Temple   | Entered the Ecumenical Temple
  2806 | Temple   | Became a worshipper of Warmaster Okawaru
  2859 | D:5      | Reached skill level 8 in Ranged Weapons
  3076 | D:5      | Reached skill level 1 in Invocations
  3295 | D:5      | Reached XP level 8. HP: 33/56 MP: 9/9
  3576 | D:6      | Found a stormy altar of Qazlal.
  3672 | D:6      | Noticed Blork the orc
  3678 | D:6      | Killed Blork the orc
  3678 | D:6      | Reached * piety under Okawaru
  3679 | D:6      | Reached skill level 9 in Ranged Weapons
  3785 | D:6      | Reached skill level 1 in Armour
  3789 | D:6      | Noticed a two-headed ogre
  3792 | D:6      | Noticed a wyvern
  3900 | D:6      | Killed a two-headed ogre
  3900 | D:6      | Reached ** piety under Okawaru
  3901 | D:6      | Reached XP level 9. HP: 9/65 MP: 7/11
  4188 | D:6      | Noticed Pikel
  4197 | D:6      | Killed Pikel
  4336 | D:6      | Reached *** piety under Okawaru
  4348 | D:6      | Noticed Sigmund
  4356 | D:6      | Killed Sigmund
  4357 | D:6      | Reached skill level 10 in Ranged Weapons
  4650 | D:6      | Reached skill level 5 in Fighting
  4670 | D:6      | Reached XP level 10. HP: 74/74 MP: 13/13
  4863 | D:6      | Found an ornate altar of the Wu Jian Council.
  5203 | D:7      | Reached skill level 5 in Dodging
  5380 | D:7      | Found a sand-covered staircase.
  5389 | Ossuary  | Entered an ossuary
  5780 | D:7      | Found Otobrado's Gadget Gallery.
  5916 | D:7      | Reached skill level 1 in Evocations
  6070 | D:7      | Found a basalt altar of Yredelemnul.
  6250 | D:8      | Found Beem's Jewellery Emporium.
  6277 | D:8      | Found a staircase to the Lair.
  6455 | D:8      | Found a snail-covered altar of Cheibriados.
  6485 | D:8      | Found a blossoming altar of Fedhas.
  6638 | D:8      | Noticed Psyche
  6694 | D:8      | Killed Psyche
  6694 | D:8      | Reached **** piety under Okawaru
  6695 | D:8      | Reached skill level 5 in Invocations
  8025 | D:9      | Reached ***** piety under Okawaru
  8575 | D:9      | Reached XP level 11. HP: 72/81 MP: 15/15
  8621 | D:9      | Reached skill level 11 in Ranged Weapons
  8687 | D:9      | Found a bloodstained altar of Trog.
  8975 | Lair:1   | Entered Level 1 of the Lair of Beasts
 10523 | Lair:1   | Reached skill level 5 in Evocations
 10850 | Lair:1   | Received a gift from Okawaru
 10975 | Lair:1   | Noticed an oklob plant
 11894 | Lair:2   | Reached XP level 12. HP: 91/91 MP: 17/17
 12091 | Lair:2   | Reached skill level 12 in Ranged Weapons
 12533 | Lair:2   | Received a gift from Okawaru
 12712 | Lair:2   | Found a staircase to the Swamp.
 12814 | Lair:2   | Noticed a boulder beetle
 12905 | Lair:2   | Killed a boulder beetle
 13420 | Lair:3   | Noticed a four-headed hydra
 13548 | Lair:3   | HP: 4/92 [culicivora (16)]
 13548 | Lair:3   | Mangled by a culicivora

Illustrated notes

Levels and vault maps discovered:
D:1:      minmay_arrival_stone_box, layout_basic, st_stairs_9,
          chequers_serial_rivers_micro_a
D:2:      layout_basic, serial_shops, shop, grunt_ministairs_1,
          chequers_serial_rivers_micro_e, minmay_shallow_snake_nest
D:3:      layout_rooms, nicolae_overflow_crystal_walls, grunt_decor_arrowhead
D:4:      nicolae_cairo_tiling_large_dashed, layout_loops_ring, zin_academy,
          serial_shops, nicolae_square_shop, minmay_vboxes
D:5:      layout_basic, temple_fountains, glass_columns_c,
          kennysheep_generic_room_13
D:6:      cheibrodos_fzero, layout_layer_cave, nzn_wu_jian_council_hall,
          grunt_qazlal_sundering, uniq_sigmund, uniq_blork_the_orc, uniq_pikel
D:7:      layout_loops_ring, yredelemnul_forgotten_temple_becter,
          chequers_ossuary_entry_cave, amcnicky_mini_rare_corridor_liquid,
          nicolae_shop_gadgets
D:8:      cheibrodos_helix_gallery, layout_loops_corners,
          mainiacjoe_overflow_two_lobes, lair_entry_dummy, serial_shops,
          nicolae_shop_gibbet_a_chance, nicolae_tricolors, uniq_psyche
D:9:      layout_basic, nicolae_overflow_hidden_temple, minivault_4,
          chequers_serial_rivers_small_a, lemuel_flamethrower_hall
Temple:   hellmonk_temple_divided_pantheon
Lair:1:   lemuel_slime, layout_cave_pods, serial_forest,
          infiniplex_forest_clump_small, infiniplex_forest_clump_cross,
          infiniplex_forest_clump_double, infiniplex_forest_corner_2,
          infiniplex_forest_lined_3, infiniplex_forest_lined_room_2,
          infiniplex_forest_clump_double, infiniplex_forest_end_1,
          infiniplex_forest_straight_4, infiniplex_forest_clump_medium,
          beast_lair_carwin_7, serial_bayou_shore_a
Lair:2:   layout_loops_ring, mainiacjoe_swamp_entry_lozenge_pond,
          disabler_island
Lair:3:   layout_roguey, hellmonk_spider_entry_life_and_decay,
          portal_ice_cave_demonic_guard, grunt_forest_stairs_clearing,
          lemuel_fruit_tree

Skill      XL: |  1  2  3  4  5  6  7  8  9 10 11 12 |
---------------+-------------------------------------+-----
Stealth        | 1 |  1.1
Dodging        | 2 3 4 5 6 7 |  7.2
Ranged Weapons | 4 5 6 7 8 9 10 11 12 | 12.4
Invocations    | 1 3 4 5 7 8 |  8.0
Armour         | 2 3 |  3.0
Fighting       | 3 5 6 7 8 |  8.0
Evocations     | 3 5 6 |  6.8

Action                     |  1- 3 |  4- 6 |  7- 9 | 10-12 || total
---------------------------+-------+-------+-------+-------++-------
   Fire: Sling             |   136 |   276 |   476 |  1594 ||  2482
 Invoke: Heroism           |       |       |     3 |    11 ||    14
  Evoke: Wand              |       |       |       |     7 ||     7
    Use: Scroll            |       |       |     1 |     8 ||     9
 Armour: Leather armour    |    17 |     6 |    50 |   224 ||   297
  Dodge: Dodged            |    17 |    10 |    56 |   234 ||   317

Table legend: (Time is in decaauts)
 A = Elapsed time spent in this place.
 B = Non-inter-level travel time spent in this place.
 C = Inter-level travel time spent in this place.
 D = Time resting spent in this place.
 E = Time spent auto-exploring this place.
 F = Levels seen in this place.
 G = Mean time per level.
                   A        B        C        D        E       F      G
               +--------+--------+--------+--------+--------+-----+--------+
         Total |  13483 |  12739 |    744 |   2963 |   7636 |  14 |  963.1 |
       Dungeon |   9376 |   8797 |    579 |   1541 |   5992 |   9 | 1041.8 |
        Temple |     39 |     16 |     23 |      0 |      0 |   1 |   39.0 |
          Lair |   3877 |   3736 |    141 |   1422 |   1549 |   3 | 1292.3 |
       Ossuary |    189 |    189 |      0 |      0 |     94 |   1 |  189.0 |
               +--------+--------+--------+--------+--------+-----+--------+

Top non-repeatable levels by time:
  Lair:1: 2245 daAuts
     D:8: 1862 daAuts
     D:6: 1533 daAuts
  Lair:2: 1528 daAuts
     D:9: 1465 daAuts
     D:5: 1043 daAuts
     D:7: 982 daAuts
     D:4: 711 daAuts
     D:1: 650 daAuts
     D:2: 625 daAuts
     D:3: 500 daAuts
 Ossuary: 189 daAuts
  Lair:3: 104 daAuts
  Temple: 39 daAuts
